 Dungeon Crawl Stone Soup version 0.30-a0-691-g754fce4c43 (webtiles) character file.

Game seed: 13259596164746008310

394 Darius099 the Covered (level 6, -1/40 HPs)
             Began as a Gargoyle Fighter on Jan 19, 2023.
             Killed by divine providence
             ... invoked by an orc priest
              (11 damage)
             ... on level 5 of the Dungeon.
             The game lasted 00:07:25 (2461 turns).

Darius099 the Covered (Gargoyle Fighter)            Turns: 2461, Time: 00:07:26

Health: -1/40      AC: 12    Str: 19    XL:     6   Next: 81%
Magic:  6/6        EV:  9    Int:  9    God:
Gold:   202        SH: 10    Dex: 11    Spells: 5/5 levels left

rFire   . . .      SeeInvis .    a - +0 flail
rCold   . . .      Faith    .    c - +0 buckler
rNeg    + . .      Spirit   .    b - +0 scale mail
rPois   ∞          Reflect  +    o - +0 helmet
rElec   +          Harm     .    (no cloak)
rCorr   .          Rampage  .    (no gloves)
Will    .....                    (no boots) Stlth
                                 s - amulet of reflection
HPRegen 0.26/turn                (no ring)
MPRegen 0.10/turn                (no ring)

@: no status effects
A: sickness immunity, AC +4, negative energy resistance 1, electricity
resistance, torment resistance 1, petrification resistance
a: no special abilities


You were on level 5 of the Dungeon.
You visited 1 branch of the dungeon, and saw 5 of its levels.

You collected 202 gold pieces.

Inventory:

Hand Weapons
 a - a +0 flail (weapon)
Armour
 b - a +0 scale mail (worn)
 c - a +0 buckler (worn)
 o - a +0 helmet (worn)
Jewellery
 s - an amulet of reflection (around neck)
Scrolls
 f - 4 scrolls of enchant armour {unknown}
 g - a scroll of silence {unknown}
 h - 5 scrolls of identify {unknown}
 i - a scroll of amnesia {unknown}
 m - 3 scrolls of fog {unknown}
 p - 2 scrolls of teleportation {unknown}
 r - 2 scrolls of magic mapping {unknown}
 t - a scroll of noise {unknown}
 w - a scroll of vulnerability {unknown}
Potions
 d - a potion of might
 e - a potion of attraction {unknown}
 j - a potion of brilliance {unknown}
 k - a potion of berserk rage {unknown}
 l - 4 potions of heal wounds {unknown}
 n - 2 potions of lignification {unknown}
 q - a potion of ambrosia {unknown}
 u - a potion of magic {unknown}
 v - 2 potions of curing
 x - a potion of invisibility {unknown}


   Skills:
 + Level 4.9 Fighting
 + Level 3.8 Maces & Flails
 + Level 5.0 Armour
 + Level 4.9 Shields


You had 5 spell levels left.
You didn't know any spells.
Your spell library was empty.

Dungeon Overview and Level Annotations

Branches:
Dungeon (5/15)
 Temple: D:4-7

Altars:


Innate Abilities, Weirdness & Mutations

You are immune to sickness and miasma.
Your stone body is resilient. (AC +4)
You are immune to poison.
You resist negative energy. (rN+)
You are resistant to electric shocks. (rElec)
You are resistant to unholy torment.
You are immune to petrification.


Message History

You barely miss the orc priest.
The orc priest is heavily wounded.
The orc priest invokes the aid of Beogh against you.
Beogh smites you!
* * * LOW HITPOINT WARNING * * *
You block the orc warrior's attack.
The orc priest hits you but does no damage.
You block the orc priest's attack.
There is a stone staircase leading down here.
You block the orc priest's attack.
The orc warrior hits you but does no damage.
You block the orc priest's attack.
You climb downwards.
There is a stone staircase leading up here.
You barely miss the orc priest.
The orc priest is heavily wounded.
You block the orc priest's attack.
The orc priest invokes the aid of Beogh against you.
Pain shoots through your body!
* * * LOW HITPOINT WARNING * * *
You thump the orc priest!
You kill the orc priest!
You block the orc priest's attack.
The orc priest looks encouraged for a moment.
Your Armour skill increases to level 5!
You barely miss the orc priest. You block the orc priest's attack.
You closely miss the orc priest.
The orc priest hits you but does no damage.
You completely miss the orc priest. The orc priest closely misses you.
You hit the orc priest but do no damage.
The orc priest hits you but does no damage.
The orc priest barely misses you.
You closely miss the orc priest. You block the orc priest's attack.
You closely miss the orc priest. You block the orc priest's attack.
You closely miss the orc priest. The orc priest barely misses you.
You barely miss the orc priest.
The orc priest hits you but does no damage.
The orc priest calls down the wrath of Beogh upon you.
Beogh smites you!
You die...

###### #######.....
#........#
#........#
#........#
#........###########
#........)@o........
#........###########
#........#
#........#
#........#
##########


You could see an orc priest.

Vanquished Creatures
  Eustachio (D:5)
  A black bear (D:4)
  An orc priest (D:5)
  Terence (D:2)
  Robin (D:2)
  2 adders
  A worm (D:2)
  2 dart slugs
  2 orcs (D:3)
  A ball python (D:3)
  3 endoplasms
  2 giant cockroaches
  14 goblins
  3 hobgoblins
  4 jackals (D:1)
  5 kobolds
  2 quokkas (D:2)
  5 bats
  4 frilled lizards
  9 rats
64 creatures vanquished.

Notes
Turn   | Place    | Note
-------+----------+-------------------------------------------
     0 | D:1      | Darius099 the Gargoyle Fighter began the quest for the Orb.
     0 | D:1      | Reached XP level 1. HP: 14/14 MP: 1/1
   158 | D:1      | Reached XP level 2. HP: 19/19 MP: 2/2
   498 | D:1      | Reached XP level 3. HP: 23/23 MP: 3/3
   716 | D:2      | Noticed Terence
   748 | D:2      | Killed Terence
   751 | D:2      | Reached XP level 4. HP: 17/29 MP: 4/4
   894 | D:2      | Noticed Robin
   903 | D:2      | Reached skill level 4 in Armour
   928 | D:2      | Killed Robin
  1281 | D:2      | Found a faded altar of an unknown god.
  1705 | D:3      | Reached XP level 5. HP: 29/33 MP: 5/5
  2049 | D:4      | Noticed a black bear
  2061 | D:4      | Killed a black bear
  2186 | D:4      | Noticed Eustachio
  2208 | D:4      | Noticed an orc warrior
  2217 | D:5      | Entered Level 5 of the Dungeon
  2343 | D:5      | Killed Eustachio
  2344 | D:5      | Reached XP level 6. HP: 15/40 MP: 6/6
  2454 | D:5      | Reached skill level 5 in Armour
  2461 | D:5      | Killed from afar by an orc priest

Illustrated notes

Levels and vault maps discovered:
D:1:      lightli_arrival_flooded_house, layout_rooms, minmay_misc_feat_chi,
          minmay_tetromino_o2
D:2:      minmay_general_purpose_star, layout_rooms,
          shapermc_ecumenical_altar_mp_ritualfount, uniq_robin, uniq_terence
D:3:      layout_rooms
D:4:      layout_gridville, makhleb_blood_cavern_becter,
          nicolae_overflow_crystal_walls, serial_shops, shop,
          kennysheep_nondescript, kennysheep_potato, uniq_eustachio
D:5:      gammafunk_cloud_chamber, layout_rooms, mainiacjoe_overflow_two_lobes,
          kennysheep_small_square

Skill      XL: |  1  2  3  4  5  6 |
---------------+-------------------+-----
Armour         | 4 5 |  5.0
Fighting       | 4 |  4.9
Shields        | 4 |  4.9
Maces & Flails | 3 |  3.8

Action                   |  1- 3 |  4- 6 || total
-------------------------+-------+-------++-------
Melee: Flail             |   103 |   183 ||   286
Armor: Scale mail        |    71 |   135 ||   206
Dodge: Dodged            |    50 |   117 ||   167
Block: Buckler           |    29 |   116 ||   145
       Reflection        |       |     2 ||     2

Table legend: (Time is in decaauts)
 A = Elapsed time spent in this place.
 B = Non-inter-level travel time spent in this place.
 C = Inter-level travel time spent in this place.
 D = Time resting spent in this place.
 E = Time spent auto-exploring this place.
 F = Levels seen in this place.
 G = Mean time per level.
                   A        B        C        D        E       F      G
               +--------+--------+--------+--------+--------+-----+--------+
         Total |   2547 |   2401 |    146 |    270 |   1234 |   5 |  509.4 |
       Dungeon |   2547 |   2401 |    146 |    270 |   1234 |   5 |  509.4 |
               +--------+--------+--------+--------+--------+-----+--------+

Top non-repeatable levels by time:
     D:2: 778 daAuts
     D:1: 667 daAuts
     D:3: 584 daAuts
     D:4: 270 daAuts
     D:5: 246 daAuts
